 Dungeon Crawl Stone Soup version 0.22.1-2-g9c5b331 (webtiles) character file.

90 Malhgor the Conjurer (level 4, 0/33 HPs)
             Began as a Draconian Fire Elementalist on Dec 7, 2018.
             Succumbed to a worker ant's poison
             ... on level 3 of the Dungeon.
             The game lasted 00:13:21 (2176 turns).

Malhgor the Conjurer (Draconian Fire Elementalist)  Turns: 2176, Time: 00:13:22

Health: 0/33       AC:  5    Str:  7 (10) XL:     4   Next: 32%
Magic:  9/17       EV: 12    Int: 14 (16) God:
Gold:   60         SH:  0    Dex: 10 (12) Spells: 5/8 levels left

rFire    . . .     SeeInvis .   m - +1 dagger (venom)
rCold    . . .     Gourm    .   (no shield)
rNeg     . . .     Faith    .   (armour unavailable)
rPois    .         Spirit   .   (helmet restricted)
rElec    .         Reflect  .   (no cloak)
rCorr    .         Harm     .   (no gloves)
MR       .....                  (no boots)
Stlth    ++........             a - amulet of magic regeneration
HPRegen  0.11/turn              k - ring of magical power
MPRegen  0.40/turn              (no ring)

@: lethally poisoned (0 -> -1), berserk cooldown
A: unfitting armour, cold-blooded, AC +5
a: no special abilities


You were on level 3 of the Dungeon.
You were not hungry.

You visited 1 branch of the dungeon, and saw 4 of its levels.

You collected 60 gold pieces.

Inventory:

Hand Weapons
 m - a +1 dagger of venom (weapon)
Jewellery
 a - an amulet of magic regeneration (around neck)
 k - a ring of magical power (left hand)
 r - an uncursed ring of ice {unknown}
Scrolls
 c - 2 scrolls of teleportation {unknown}
 d - 2 scrolls of identify {unknown}
 f - 3 scrolls of enchant weapon {unknown}
 g - a scroll of immolation {unknown}
 j - a scroll of amnesia {unknown}
 l - a scroll of magic mapping {unknown}
 n - a scroll of enchant armour {unknown}
 q - a scroll of fear {unknown}
Potions
 e - a potion of invisibility
 h - 3 potions of degeneration
 i - a potion of might
Comestibles
 b - 6 rations


   Skills:
 - Level 1.7 Dodging
 - Level 1.7 Stealth
 + Level 2.8 Spellcasting
 * Level 3.5 Conjurations
 - Level 3.0 Fire Magic


You had 5 spell levels left.
You knew the following spells:

 Your Spells              Type           Power        Failure   Level  Hunger
a - Flame Tongue          Conj/Fire      ##...        6%          1    #......
b - Throw Flame           Conj/Fire      ##....       9%          2    ##.....

Your spell library contained the following spells:

 Spells                   Type           Power        Failure   Level  Hunger
 Conjure Flame            Conj/Fire      ##......     17%         3    ###....
 Inner Flame              Hex/Fire       #.......     34%         3    ###....
 Sticky Flame             Conj/Fire      ##......     50%         4    #####..
 Fireball                 Conj/Fire      ##........   85%         5    ######.


Dungeon Overview and Level Annotations

Branches:
Dungeon (4/15)
 Temple: D:4-7

Altars:
Wu Jian

Annotations:
D:1 Done
D:2 Done


Innate Abilities, Weirdness & Mutations

Your plain brown scales are hard. (AC +5)
You cannot fit into any form of body armour.
You are cold-blooded and may be slowed by cold attacks.


Message History

You are no longer berserk.
You are exhausted.
You feel yourself slow down.
* * * LOW HITPOINT WARNING * * *
You feel sick.
It was a potion of cancellation.
Your magical effects are unravelling.
You feel magically purged.
Your magical contamination has completely faded away.
You feel yourself speed up.
You feel a little less mighty now.
You climb upwards.
* * * LOW HITPOINT WARNING * * *
You feel sick.
There is a stone staircase leading down here.
Okay, then.
Okay, then.
Okay, then.
Sorry, you're not good enough to have a special ability.
Found 8 gold pieces.
You die...

#.# #.# ..# #.# #.#
#########.###.#.#
..............#.#####
#########'###.#.#...# ##
#......# #.#...#
.####......####.#...####
............>...@.......
.####.......####....$...
............# #........
............# ......###
.....#....... ......#
##...#....... .......#
.....#.......#.......#
.....#.......#.......#
.....#


There were no monsters in sight!

Vanquished Creatures
  A worker ant (D:4)
  An ooze (D:2)
  2 worms (D:2)
  2 dart slugs (D:1)
  3 ball pythons (D:1)
  6 bats
  3 giant cockroaches
  8 hobgoblins
  2 jackals (D:1)
  2 frilled lizards (D:1)
  6 goblins
  7 kobolds
  5 rats (D:1)
48 creatures vanquished.

Vanquished Creatures (others)
  A kobold (D:3)
1 creature vanquished.

Grand Total: 49 creatures vanquished

Notes
Turn   | Place    | Note
-------+----------+-------------------------------------------
     0 | D:1      | Malhgor the Draconian Fire Elementalist began the quest for
                  | the Orb.
     0 | D:1      | Reached XP level 1. HP: 14/14 MP: 3/3
   346 | D:2      | Reached XP level 2. HP: 20/20 MP: 0/5
   604 | D:1      | Learned a level 2 spell: Throw Flame
   983 | D:1      | Reached XP level 3. HP: 26/26 MP: 3/6
  1879 | D:3      | Found an ornate altar of the Wu Jian Council.
  2162 | D:4      | Reached XP level 4. HP: 4/33 MP: 3/8
  2169 | D:4      | HP: 1/33 [poisoned by a worker ant]
  2176 | D:3      | Succumbed to a worker ant's poison

Skill      XL: |  1  2  3 |
---------------+----------+-----
Conjurations   | 2 3 |  3.5
Dodging        | |  1.7
Stealth        | |  1.7
Spellcasting   | |  2.8
Fire Magic     | |  3.0

Action                   |  1- 3 |  4- 6 || total
-------------------------+-------+-------++-------
Melee: Unarmed           |     4 |       ||     4
       Tailslap          |     1 |       ||     1
       Dagger            |     2 |       ||     2
 Cast: Flame Tongue      |    81 |       ||    81
       Throw Flame       |     8 |     1 ||     9
  Use: Potion            |       |     4 ||     4
  Eat: Chunk             |     5 |       ||     5
Armor: Skin              |    15 |       ||    15
Dodge: Dodged            |    20 |       ||    20
